ORI
UNIVERSITY OF VIRGINIA CAVALIERS @ UNIVERSITY OF NEBRASKA CORNHUSKERS
11/11/2045
 
TOP OF THE 1ST
Clearwater Threshers batting - Pitching for Lake Elsinore Storm : RHP Eric Ovitt
Pitching: RHP Eric Ovitt
Batting: LHB Jose Torres 0-0: Called Strike
0-1: Swinging Strike
0-2: Fly out, F9 (Flyball, 9D, EV 103.1 MPH)
Batting: RHB Juan Aleman 0-0: Foul Ball, location: 2F
0-1: Called Strike
0-2: Ball
1-2: Ball
2-2: Ball
3-2: Foul Ball, location: 2F
3-2: Strikes out swinging
Batting: SHB Joe Lightell 0-0: Ball
1-0: Ball
2-0: Called Strike
2-1: Swinging Strike
2-2: Ball
3-2: Foul Ball, location: 2F
3-2: Base on Balls
Batting: SHB Isaiah Dixon 0-0: Called Strike
0-1: Ball
1-1: Foul Ball, location: 2F
1-2: Strikes out looking
Top of the 1st over - 0 runs, 0 hits, 0 errors, 1 left on base; Clearwater 0 - Lake Elsinore 0
BOTTOM OF THE 1ST
Lake Elsinore Storm batting - Pitching for Clearwater Threshers : LHP Hugo Castillo
Pitching: LHP Hugo Castillo
Batting: RHB Jose Yanez 0-0: Ball
1-0: Called Strike
1-1: Ball
2-1: Foul Ball, location: 2F
2-2: Fly out, F9 (Flyball, 9D, EV 88.8 MPH)
Batting: RHB Nick Krohn 0-0: Ball
1-0: Ground out 1-3 (Groundball, 34S, EV 75.0 MPH)
Batting: RHB Mark Cholagh 0-0: Foul Ball, location: 2F
0-1: Ball
1-1: Ball
2-1: Swinging Strike
2-2: Strikes out looking
Bottom of the 1st over - 0 runs, 0 hits, 0 errors, 0 left on base; Clearwater 0 - Lake Elsinore 0
TOP OF THE 2ND
Clearwater Threshers batting - Pitching for Lake Elsinore Storm : RHP Eric Ovitt
Batting: RHB Bobby Rolison 0-0: Ball
1-0: Ball
2-0: Called Strike
2-1: Called Strike
2-2: Strikes out swinging
Batting: LHB Ignacio Bernal 0-0: Ball
1-0: Ball
2-0: Ground out 6-3 (Groundball, 6, EV 88.8 MPH)
Batting: LHB Alexis Burgos 0-0: Called Strike
0-1: Ball
1-1: Ball
2-1: Ball
3-1: DOUBLE (Line Drive, 7LM, EV 109.4 MPH)
Batting: RHB Arnaud Christophe 0-0: Ground out 5-3 (Groundball, 56, EV 80.0 MPH)
Top of the 2nd over - 0 runs, 1 hit, 0 errors, 1 left on base; Clearwater 0 - Lake Elsinore 0
BOTTOM OF THE 2ND
Lake Elsinore Storm batting - Pitching for Clearwater Threshers : LHP Hugo Castillo
Batting: RHB Travis Fish 0-0: Foul Ball, location: 2F
0-1: Ground out 6-3 (Groundball, 6, EV 105.0 MPH)
Batting: LHB Giovannino Galliano 0-0: Called Strike
0-1: Ball
1-1: Swinging Strike
1-2: Ball
2-2: Ball
3-2: Base on Balls
Batting: RHB Matt Berkley 0-0: Swinging Strike
0-1: Called Strike
0-2: Foul Ball, location: 2F
0-2: Ball
1-2: Foul Ball, location: 2F
1-2: Ball
2-2: 2-RUN HOME RUN (Flyball, 7D, EV 93.8 MPH), Distance : 390 ft
Batting: SHB Daniel Antigua 0-0: Called Strike
0-1: Fly out, F9 (Flyball, 89D, EV 87.5 MPH)
Batting: SHB Javier Aviles 0-0: Ball
1-0: Foul Ball, location: 2F
1-1: Ball
2-1: Ground out 6-3 (Groundball, 6, EV 85.0 MPH)
Bottom of the 2nd over - 2 runs, 1 hit, 0 errors, 0 left on base; Clearwater 0 - Lake Elsinore 2
TOP OF THE 3RD
Clearwater Threshers batting - Pitching for Lake Elsinore Storm : RHP Eric Ovitt
Batting: LHB Hugo Castillo 0-0: Ball
1-0: Called Strike
1-1: Ground out 5-3 (Groundball, 56, EV 103.8 MPH)
Batting: LHB Jose Torres 0-0: Ball
1-0: Foul Ball, location: 2F
1-1: Ground out U3 (Groundball, 3, EV 91.9 MPH)
Batting: RHB Juan Aleman 0-0: Ball
1-0: Foul Ball, location: 2F
1-1: Called Strike
1-2: Foul Ball, location: 2F
1-2: Fly out, F6 (Popup, 6MS, EV 69.4 MPH)
Top of the 3rd over - 0 runs, 0 hits, 0 errors, 0 left on base; Clearwater 0 - Lake Elsinore 2
BOTTOM OF THE 3RD
Lake Elsinore Storm batting - Pitching for Clearwater Threshers : LHP Hugo Castillo
Batting: RHB Eric Ovitt 0-0: Ball
1-0: Called Strike
1-1: Ball
2-1: Ball
3-1: Foul Ball, location: 2F
3-2: SINGLE (Groundball, 6MD, EV 99.4 MPH)
Batting: RHB Jose Yanez 0-0: SINGLE (Groundball, 56D, EV 101.3 MPH)
Eric Ovitt to second
Batting: RHB Nick Krohn 0-0: Ball
1-0: Ball
2-0: Grounds into double play, 6-4-3 (Groundball, 56, EV 108.8 MPH)
Eric Ovitt to third
Batting: RHB Mark Cholagh 0-0: Ball
1-0: Ground out 4-3 (Groundball, 4, EV 103.8 MPH)
Bottom of the 3rd over - 0 runs, 2 hits, 0 errors, 1 left on base; Clearwater 0 - Lake Elsinore 2
TOP OF THE 4TH
Clearwater Threshers batting - Pitching for Lake Elsinore Storm : RHP Eric Ovitt
Batting: SHB Joe Lightell 0-0: Ball
1-0: Ball
2-0: Foul Ball, location: 2F
2-1: Ball
3-1: Base on Balls
Batting: SHB Isaiah Dixon 0-0: Ball
1-0: Called Strike
1-1: Ball
2-1: Called Strike
Joe Lightell steals 2nd base
2-2: Strikes out looking
Batting: RHB Bobby Rolison 0-0: Ball
1-0: Called Strike
1-1: Swinging Strike
1-2: Strikes out swinging
Batting: LHB Ignacio Bernal 0-0: Ball
1-0: Foul Ball, location: 2F
1-1: Swinging Strike
1-2: Ball
2-2: Strikes out swinging
Top of the 4th over - 0 runs, 0 hits, 0 errors, 1 left on base; Clearwater 0 - Lake Elsinore 2
BOTTOM OF THE 4TH
Lake Elsinore Storm batting - Pitching for Clearwater Threshers : LHP Hugo Castillo
Batting: RHB Travis Fish 0-0: Ball
1-0: Ball
2-0: Foul Ball, location: 2F
2-1: Swinging Strike
2-2: Strikes out swinging
Batting: LHB Giovannino Galliano 0-0: Ball
1-0: Called Strike
1-1: Called Strike
1-2: Foul Ball, location: 2F
1-2: Strikes out swinging
Batting: RHB Matt Berkley 0-0: Called Strike
0-1: Swinging Strike
0-2: Foul Ball, location: 2F
0-2: Ball
1-2: Strikes out swinging
Bottom of the 4th over - 0 runs, 0 hits, 0 errors, 0 left on base; Clearwater 0 - Lake Elsinore 2
TOP OF THE 5TH
Clearwater Threshers batting - Pitching for Lake Elsinore Storm : RHP Eric Ovitt
Batting: LHB Alexis Burgos 0-0: Called Strike
0-1: Ball
1-1: Ball
2-1: Ball
3-1: Foul Ball, location: 2F
3-2: SINGLE (Groundball, P, EV 91.3 MPH) (infield hit)
Batting: RHB Arnaud Christophe 0-0: Ball
1-0: Swinging Strike
1-1: Ball
2-1: Swinging Strike
2-2: Strikes out looking
Batting: LHB Hugo Castillo 0-0: Sac Bunt to 2L - play at first, batter OUT! 2-4
Alexis Burgos to second
Batting: LHB Jose Torres 0-0: Called Strike
0-1: Foul Ball, location: 2F
0-2: Ball
1-2: Ball
2-2: Ball
3-2: Foul Ball, location: 2F
3-2: Base on Balls
Batting: RHB Juan Aleman 0-0: Ball
1-0: SINGLE (Line Drive, 8RS, EV 95.6 MPH)
Alexis Burgos to third
Jose Torres to second
Runner from 3rd tries for Home, SAFE, throw by CF to home
Batting: SHB Joe Lightell 0-0: Called Strike
0-1: DOUBLE (Flyball, 8RXD, EV 104.4 MPH)
Jose Torres scores
Juan Aleman to third
Batting: SHB Isaiah Dixon 0-0: Ball
1-0: Called Strike
1-1: Swinging Strike
1-2: Ball
2-2: Foul Ball, location: 2F
2-2: Ball
3-2: Foul Ball, location: 2F
3-2: Base on Balls
Pitching: RHP Fernando Carrillo
Now at C: Mick Corrigan
Batting: RHB Bobby Rolison 0-0: Ground out 1-3 (Groundball, 34S, EV 68.8 MPH)
Top of the 5th over - 2 runs, 3 hits, 0 errors, 3 left on base; Clearwater 2 - Lake Elsinore 2
BOTTOM OF THE 5TH
Lake Elsinore Storm batting - Pitching for Clearwater Threshers : LHP Hugo Castillo
Batting: SHB Daniel Antigua 0-0: Ball
1-0: Fly out, F8 (Flyball, 89D, EV 90.6 MPH)
Batting: SHB Javier Aviles 0-0: Ball
1-0: Called Strike
1-1: Fly out, F3 (Flyball, 34D, EV 90.6 MPH)
Batting: RHB Mick Corrigan 0-0: Called Strike
0-1: Ball
1-1: Foul Ball, location: 2F
1-2: Ground out 5-3 (Groundball, 56S, EV 80.0 MPH)
Bottom of the 5th over - 0 runs, 0 hits, 0 errors, 0 left on base; Clearwater 2 - Lake Elsinore 2
TOP OF THE 6TH
Clearwater Threshers batting - Pitching for Lake Elsinore Storm : RHP Fernando Carrillo
Batting: LHB Ignacio Bernal 0-0: Ground out 4-3 (Groundball, 4, EV 76.3 MPH)
Batting: LHB Alexis Burgos 0-0: Ball
1-0: Called Strike
1-1: Called Strike
1-2: Ball
2-2: Foul Ball, location: 2F
2-2: Foul Ball, location: 2F
2-2: Strikes out looking
Batting: RHB Arnaud Christophe 0-0: Called Strike
0-1: Called Strike
0-2: Strikes out swinging
Top of the 6th over - 0 runs, 0 hits, 0 errors, 0 left on base; Clearwater 2 - Lake Elsinore 2
BOTTOM OF THE 6TH
Lake Elsinore Storm batting - Pitching for Clearwater Threshers : LHP Hugo Castillo
Batting: RHB Jose Yanez 0-0: Foul Ball, location: 2F
0-1: SINGLE (Groundball, 56S, EV 66.9 MPH) (infield hit)
Batting: RHB Nick Krohn 0-0: Ground out 5-3 (Groundball, 5S, EV 66.9 MPH)
Jose Yanez to second
Batting: RHB Mark Cholagh 0-0: Ball
1-0: Ball
2-0: Ground out 6-3 (Groundball, 6M, EV 75.0 MPH)
Jose Yanez to third
Batting: RHB Travis Fish 0-0: Ground out 4-3 (Groundball, 13, EV 80.6 MPH)
Bottom of the 6th over - 0 runs, 1 hit, 0 errors, 1 left on base; Clearwater 2 - Lake Elsinore 2
TOP OF THE 7TH
Clearwater Threshers batting - Pitching for Lake Elsinore Storm : RHP Fernando Carrillo
Batting: LHB Hugo Castillo 0-0: Ground out U3 (Groundball, 3L, EV 89.4 MPH)
Batting: LHB Jose Torres 0-0: Called Strike
0-1: Called Strike
0-2: Strikes out swinging
Batting: RHB Juan Aleman 0-0: Ball
1-0: Called Strike
1-1: Swinging Strike
1-2: Ball
2-2: Foul Ball, location: 2F
2-2: Foul Ball, location: 2F
2-2: Ball
3-2: Ground out 6-3 (Groundball, 6, EV 88.8 MPH)
Top of the 7th over - 0 runs, 0 hits, 0 errors, 0 left on base; Clearwater 2 - Lake Elsinore 2
BOTTOM OF THE 7TH
Lake Elsinore Storm batting - Pitching for Clearwater Threshers : LHP Hugo Castillo
Batting: LHB Giovannino Galliano 0-0: Foul Ball, location: 2F
0-1: Ball
1-1: Swinging Strike
1-2: Fly out, F8 (Flyball, 78M, EV 96.3 MPH)
Pinch Hitting: RHB Jake O'Neil 0-0: Foul Ball, location: 2F
0-1: Ball
1-1: Ball
2-1: Ball
3-1: Ground out U3 (Groundball, 3, EV 77.5 MPH)
Pitching: RHP Jesus Contreras
Batting: SHB Daniel Antigua 0-0: Ball
1-0: Hit by Pitch
Batting: SHB Javier Aviles 0-0: Called Strike
0-1: Called Strike
0-2: Ball
Daniel Antigua steals 2nd base
1-2: Foul Ball, location: 2F
1-2: Strikes out swinging
Bottom of the 7th over - 0 runs, 0 hits, 0 errors, 1 left on base; Clearwater 2 - Lake Elsinore 2
TOP OF THE 8TH
Clearwater Threshers batting - Pitching for Lake Elsinore Storm : RHP Fernando Carrillo
Pitching: RHP Chris Bedard
Batting: SHB Joe Lightell 0-0: Ball
1-0: SINGLE (Groundball, 34D, EV 110.0 MPH)
Batting: SHB Isaiah Dixon 0-0: Fly out, F8 (Flyball, 8RM, EV 83.8 MPH)
Batting: RHB Bobby Rolison 0-0: Ball
1-0: Called Strike
1-1: Foul Ball, location: 2F
1-2: Strikes out swinging
Batting: LHB Ignacio Bernal 0-0: Ball
Joe Lightell steals 2nd base
1-0: Ball
Passed Ball!
Joe Lightell to third
2-0: SINGLE (Line Drive, 8LS, EV 100.0 MPH)
Joe Lightell scores
Batting: LHB Alexis Burgos 0-0: Ball
Passed Ball!
Ignacio Bernal to second
1-0: Called Strike
1-1: Ball
2-1: Foul Ball, location: 2F
2-2: Foul Ball, location: 2F
2-2: Foul Ball, location: 2F
2-2: Ball
3-2: Strikes out swinging
Top of the 8th over - 1 run, 2 hits, 0 errors, 1 left on base; Clearwater 3 - Lake Elsinore 2
BOTTOM OF THE 8TH
Lake Elsinore Storm batting - Pitching for Clearwater Threshers : RHP Jesus Contreras
Batting: RHB Mick Corrigan 0-0: Ball
1-0: Foul Ball, location: 2F
1-1: Called Strike
1-2: SINGLE (Groundball, 5S, EV 62.5 MPH) (infield hit)
Batting: RHB Jose Yanez 0-0: Fly out, F4 (Popup, 4, EV 75.0 MPH)
Pinch Hitting: LHB Keith MacDormond 0-0: Ball
1-0: Swinging Strike
1-1: Foul Ball, location: 2F
1-2: Ball
2-2: Strikes out swinging
Batting: RHB Mark Cholagh 0-0: Called Strike
0-1: Fielders Choice at 2nd, 6-4 (Groundball, 56, EV 80.0 MPH)
Bottom of the 8th over - 0 runs, 1 hit, 0 errors, 1 left on base; Clearwater 3 - Lake Elsinore 2
TOP OF THE 9TH
Clearwater Threshers batting - Pitching for Lake Elsinore Storm : RHP Chris Bedard
Now in RF: Arnout Schavemaker
Batting: RHB Arnaud Christophe 0-0: Called Strike
0-1: Ball
1-1: Swinging Strike
1-2: Ball
2-2: DOUBLE (Groundball, 5L, EV 110.6 MPH)
Pinch Hitting: RHB Steve Olenski 0-0: Called Strike
0-1: Ground out U3 (Groundball, 34, EV 101.9 MPH)
Arnaud Christophe to third
Batting: LHB Jose Torres 0-0: Intentional Walk
Batting: RHB Juan Aleman 0-0: Ball
1-0: Ball
2-0: Called Strike
2-1: Called Strike
2-2: Ball
3-2: Base on Balls
Jose Torres to second
Batting: SHB Joe Lightell 0-0: Foul Ball, location: 2F
0-1: SINGLE (Groundball, 6M, EV 103.1 MPH)
Arnaud Christophe scores
Jose Torres to third
Juan Aleman to second
Runner from 3rd tries for Home, SAFE, throw by CF to home
Batting: SHB Isaiah Dixon 0-0: Called Strike
0-1: Ball
1-1: Fielders Choice at 2nd, 6-4 (Groundball, 6MS, EV 93.1 MPH)
Juan Aleman to third
Batting: RHB Bobby Rolison 0-0: Ball
1-0: Ball
2-0: TRIPLE (Line Drive, 9D, EV 90.6 MPH)
Juan Aleman scores
Isaiah Dixon scores
Pitching: RHP Antonio Cisneros
Batting: LHB Ignacio Bernal 0-0: Ground out 6-3 (Groundball, 6, EV 92.5 MPH)
Top of the 9th over - 4 runs, 3 hits, 0 errors, 1 left on base; Clearwater 7 - Lake Elsinore 2
BOTTOM OF THE 9TH
Lake Elsinore Storm batting - Pitching for Clearwater Threshers : RHP Jesus Contreras
Pitching: RHP Gus Ronquillo
Batting: RHB Travis Fish 0-0: Ball
1-0: Foul Ball, location: 2F
1-1: Ball
2-1: Ground out 4-3 (Groundball, 4, EV 88.1 MPH)
Batting: LHB Giovannino Galliano 0-0: Ball
1-0: Foul Ball, location: 2F
1-1: Foul Ball, location: 2F
1-2: Ball
2-2: Ball
3-2: SINGLE (Line Drive, 4D, EV 103.1 MPH)
Pinch Hitting: LHB Lorenzo Segala 0-0: Ball
1-0: SINGLE (Line Drive, 4M, EV 103.1 MPH)
Giovannino Galliano to second
Batting: SHB Daniel Antigua 0-0: Called Strike
0-1: Foul Ball, location: 2F
0-2: Strikes out swinging
Batting: SHB Javier Aviles 0-0: Ball
1-0: Fly out, F8 (Line Drive, 8RD, EV 87.5 MPH)
Bottom of the 9th over - 0 runs, 2 hits, 0 errors, 2 left on base; Clearwater 7 - Lake Elsinore 2
Wednesday, June 22nd , 2022 - OOTP Baseball 23.4 Build 64